 Dungeon Crawl Stone Soup version 0.29.1-1-gd02db6906a (webtiles) character file.

Game seed: 15634729515422089454

43 GigaChad the Trooper (level 3, 0/24 HPs)
             Began as a Kobold Fighter on Oct 4, 2022.
             Slain by a hobgoblin (2 damage)
             ... led by Robin
             ... on level 1 of the Dungeon.
             The game lasted 00:01:32 (1544 turns).

GigaChad the Trooper (Kobold Fighter)               Turns: 1544, Time: 00:01:32

Health: 0/24       AC:  6    Str: 15    XL:     3   Next: 82%
Magic:  3/3        EV: 11    Int:  9    God:
Gold:   75         SH:  5    Dex: 14    Spells: 2/2 levels left

rFire   . . .      SeeInvis .   a - +0 long sword
rCold   . . .      Faith    .   c - +0 buckler
rNeg    . . .      Spirit   .   b - +0 scale mail
rPois   .          Reflect  .   (no helmet)
rElec   .          Harm     .   (no cloak)
rCorr   .          Rampage  .   (no gloves)
Will    .....                   (no boots)
Stlth   +.........              (no amulet)
HPRegen 0.08/turn               (no ring)
MPRegen 0.08/turn               (no ring)

@: no status effects
A: small, no large weapons, nightstalker 3
a: no special abilities


You were on level 1 of the Dungeon.
You visited 1 branch of the dungeon, and saw 2 of its levels.

You collected 75 gold pieces.

Inventory:

Hand Weapons
 a - a +0 long sword (weapon)
Armour
 b - a +0 scale mail (worn)
 c - a +0 buckler (worn)
Scrolls
 f - a scroll of identify {unknown}
Potions
 d - a potion of might
 e - a potion of brilliance {unknown}


   Skills:
 + Level 3.8 Fighting
 + Level 2.1 Long Blades
 + Level 2.7 Armour
 + Level 0.8 Dodging
 + Level 2.6 Shields


You had 2 spell levels left.
You didn't know any spells.
Your spell library was empty.

Dungeon Overview and Level Annotations

Branches:
Dungeon (2/15)

Altars:

Annotations:
D:2 Robin


Innate Abilities, Weirdness & Mutations

You are small and have problems with some larger weapons.
You are completely attuned to the shadows.


Message History

The hobgoblin hits you. The goblin hits you with a +0 club.
The goblin barely misses you. The hobgoblin barely misses you.
There is a stone staircase leading up here.
You can't go down here!
The adder bites you but does no damage. Robin throws the goblin at you!
You block the goblin's attack. The hobgoblin hits you.
The goblin hits you but does no damage. x2
The hobgoblin hits you but does no damage. x2
The goblin barely misses you. You block the adder's attack.
You climb upwards.
There is a stone staircase leading down here.
You slash the goblin!
You kill the goblin!
You block the hobgoblin's attack. The goblin hits you but does no damage.
You hit the hobgoblin.
The hobgoblin is moderately wounded.
The hobgoblin hits you.
The hobgoblin hits you but does no damage.
You block the goblin's attack. The goblin closely misses you.
The hobgoblin barely misses you. The hobgoblin closely misses you.
You hit the hobgoblin.
You kill the hobgoblin!
You block the goblin's attack. The hobgoblin closely misses you.
You closely miss the hobgoblin. The hobgoblin closely misses you.
The goblin hits you with a +0 dagger. The hobgoblin hits you. x2
The hobgoblin hits you but does no damage.
The goblin hits you but does no damage.
You closely miss the hobgoblin. The goblin hits you with a +0 dagger.
* * * LOW HITPOINT WARNING * * *
The hobgoblin hits you but does no damage.
The hobgoblin closely misses you.
You hit the hobgoblin.
The hobgoblin is severely wounded.
The hobgoblin hits you but does no damage.
The goblin barely misses you. The hobgoblin hits you.
* * * LOW HITPOINT WARNING * * *
You barely miss the hobgoblin.
The hobgoblin is severely wounded.
The hobgoblin hits you.
You die...

......##.##...............#
#.#
##....##.##########...#.#.#
#.# ###.##### #..)#.....# #.#
####.########## #.#...#.#.#
#.#
..............###.##.##.#.#
#.#
..............##......#.#.#
#.#
..#####'####..###.##..#.#.#
#(#
..#........'..###g........#
#.#
..#........#..##@gg.....###
#.# ..#......[.#..###g##..###
#.# ..#...<....#..###S##..#
#.. ..#........#..##..##..###
##. ..#........#..)...##....#
#. ..+........#..##....†.#.#
#. ..####+#####..##.####.#.#
#. ..............##.# #.#.#
#)
..............##.####.#.#####
#)


You could see an adder, 2 hobgoblins and 2 goblins.

Vanquished Creatures
  3 dart slugs (D:1)
  2 ball pythons (D:1)
  7 endoplasms (D:1)
  5 goblins (D:1)
  4 hobgoblins (D:1)
  4 quokkas (D:1)
  A bat (D:1)
  4 frilled lizards (D:1)
  3 kobolds (D:1)
33 creatures vanquished.

Notes
Turn   | Place    | Note
-------+----------+-------------------------------------------
     0 | D:1      | GigaChad the Kobold Fighter began the quest for the Orb.
     0 | D:1      | Reached XP level 1. HP: 14/14 MP: 1/1
   268 | D:1      | Reached XP level 2. HP: 19/19 MP: 2/2
   751 | D:1      | Reached XP level 3. HP: 24/24 MP: 3/3
  1458 | D:2      | Noticed Robin
  1544 | D:1      | Slain by a hobgoblin

Illustrated notes

Levels and vault maps discovered:
D:1:      lemuel_arrival_room, layout_loops_ring
D:2:      layout_rooms, serial_shops, nicolae_shop_trees,
          shapermc_ecumenical_altar_hornbeckon, hangedman_decor_slide_cut,
          skrybe_limestone_x, uniq_sigmund, uniq_natasha, uniq_robin

Skill      XL: |  1  2  3 |
---------------+----------+-----
Long Blades    | 2 |  2.1
Fighting       | |  3.8
Armour         | |  2.7
Dodging        | |  0.8
Shields        | |  2.6

Action                   || total
-------------------------++-------
Melee: Long sword        ||    90
Armor: Scale mail        ||    38
Dodge: Dodged            ||    39
Block: Buckler           ||    31
